 Dungeon Crawl Stone Soup version 0.25-a0-719-gde951dce62 (webtiles) character file.

Game seed: 8347259407812468457, levelgen mode: deterministic

4762 WasteTime4 the Martial Artist (level 10, -7/58 HPs)
             Began as an Octopode Transmuter on Apr 7, 2020.
             Was a Believer of Wu Jian.
             Mangled by a death yak (30 damage)
             ... on level 8 of the Dungeon.
             The game lasted 00:44:27 (7535 turns).

WasteTime4 the Martial Artist (Octopode Transmuter) Turns: 7535, Time: 00:44:27

Health: -7/58      AC:  1    Str: 11    XL:     10   Next: 47%
Magic:  16/16      EV: 16    Int: 17    God:    Wu Jian [**....]
Gold:   246        SH:  5    Dex: 13    Spells: 10/20 levels left

rFire    . . .     SeeInvis .     - Unarmed
rCold    . . .     Gourm    .   w - +0 buckler
rNeg     . . .     Faith    .   (helmet restricted)
rPois    .         Spirit   .   s - amulet of harm
rElec    .         Reflect  .   i - +3 ring of evasion
rCorr    .         Harm     +   (no ring)
MR       .....                  (no ring)
Stlth    ++++......             (no ring)
HPRegen  0.59/turn              (no ring)
MPRegen  0.15/turn              (no ring)
                                (no ring)
                                (no ring)

@: no status effects
A: almost no armour, stealthy swim, amphibious, 8 rings, constrict 8, camouflage
1, low mp 1, regeneration 1, gelatinous body 1, MP-powered wands
a: Wall Jump, Renounce Religion


You were on level 8 of the Dungeon.
You worshipped Wu Jian.
Wu Jian was pleased with you.
You were not hungry.

You visited 1 branch of the dungeon, and saw 8 of its levels.

You collected 246 gold pieces.

Inventory:

Hand Weapons
 h - a +2 hand axe of venom
 m - a cursed +0 hand crossbow
Missiles
 a - 106 arrows
 g - 2 silver boomerangs
 o - 35 poisoned darts (quivered)
Armour
 w - a +0 buckler (worn)
Magical Staves
 d - an uncursed staff of conjuration
Jewellery
 i - a +3 ring of evasion (left tentacle)
 s - an amulet of harm (around mantle)
Wands
 f - a wand of random effects (26)
 p - a wand of disintegration (7)
 y - a wand of flame (25)
Scrolls
 k - 3 scrolls of fear
 n - 2 scrolls of magic mapping {unknown}
 r - a scroll of enchant armour {unknown}
 t - 2 scrolls of teleportation
 u - a scroll of enchant weapon
 v - 2 scrolls of remove curse
 x - 2 scrolls of fog {unknown}
Potions
 b - a potion of lignification
 e - 3 potions of might
 j - 3 potions of curing
 l - a potion of magic
 q - a potion of cancellation
 A - a potion of stabbing {unknown}
Comestibles
 c - 19 rations


   Skills:
 - Level 1.0 Fighting
 - Level 2.0 Dodging
 - Level 5.3 Stealth
 - Level 4.8 Shields
 + Level 10.2 Unarmed Combat
 - Level 5.5 Spellcasting
 + Level 7.2 Transmutations
 - Level 2.2 Ice Magic
 - Level 2.0 Poison Magic


You had 10 spell levels left.
You knew the following spells:

 Your Spells              Type           Power        Failure   Level  Hunger
a - Beastly Appendage     Tmut           ####..       1%          1    None
b - Sticks to Snakes      Tmut           ####....     1%          2    #......
c - Spider Form           Tmut/Pois      ###.......   6%          3    ##.....
d - Ice Form              Ice/Tmut       ###.....     19%         4    ####...

Your spell library contained the following spells:

 Spells                   Type           Power        Failure   Level  Hunger
 Blade Hands              Tmut           ####......   19%         5    ######.


Dungeon Overview and Level Annotations

Branches:
Dungeon (8/15)             Temple (0/1) D:5
   Lair: D:8-11

Altars:
Gozag
Qazlal
Trog
Wu Jian
The Shining One

Annotations:
D:4 2 transporters, Esekla's ghost, novice FoAK
D:6 Menkaure


Innate Abilities, Weirdness & Mutations

You cannot wear most types of armour.
You are very stealthy in the water. (Stealth+)
You are amphibious.
You can wear up to eight rings at the same time.
You can use your tentacles to constrict eight enemies at once.
Your skin changes colour to match your surroundings (Stealth+).
Your rubbery body absorbs attacks. (AC +1, EV +1)
Your magical capacity is low. (-10% MP)
Your natural rate of healing is unusually fast.
You expend magic power (3 MP) to strengthen your wands.


Message History

There is a stone staircase leading up here.
Aiming: Wall Jump
Press: ? - help, Dir - move target cursor You repeatedly attack the death yak from above.
You tentacle-slap the death yak but do no damage.
You tentacle-slap the death yak.
The death yak is lightly wounded.
You repeatedly attack the death yak from above.
You bludgeon the death yak!
The death yak is lightly wounded.
You tentacle-slap the death yak but do no damage.
The death yak is lightly wounded.
The death yak barely misses you. The death yak gores you!
The death yak completely misses you. The death yak gores you!!
There is a stone staircase leading up, spattered with blood here.
As you read the scroll of fear, it crumbles to dust.
You assume a fearsome visage.
The death yak looks frightened!
The death yak easily resists.
The death yak gores you!!
Ouch! That really hurt!
You die...

.##...........#
Z###.#.#.#.#..# Y#
#..........# .#
#.#.#.#.#..## .#
#...........# .#
#####..####.### ##
#.## #...# #.# ###Y#
#### #.# #@#
...#####.# #Y#
.....#...#######.#.#
.#.#...#.....Y.....#
..............##.###
.#.#....#.#.#.##.#
.....##...........
##..###.#.#.#.##..#
##.## #.......##..#


You could see 2 death yaks.

Vanquished Creatures
  A two-headed ogre (D:5)
  A death yak (D:8)
  Maggie (D:7)
  Grinder (D:3)
  Prince Ribbit (D:5)
  A hippogriff (D:7)
  A yak (D:8)
  Grum (D:8)
  Edmund (D:6)
  Duvessa (D:5)
  2 orc warriors
  An ice beast (D:8)
  A hornet zombie (D:5)
  An ogre (D:8)
  3 wolves
  A wyvern zombie (D:7)
  5 bullfrogs
  Dowan (D:5)
  A scorpion (D:4)
  A howler monkey (D:5)
  5 wights
  2 orc priests (D:6)
  2 bullfrog skeletons
  A jelly (D:7)
  A bullfrog zombie (D:6)
  5 iguanas
  Jessica (D:2)
  2 orc wizards (D:4)
  Natasha (thrice) (D:2)
  4 worker ants
  Terence (D:3)
  A hound zombie (D:6)
  Robin (D:2)
  A howler monkey skeleton (D:5)
  8 adders
  4 gnolls (D:8)
  A shadow imp (D:8)
  2 oozes
  An adder zombie (D:5)
  3 dart slugs
  4 leopard geckos
  21 orcs
  4 giant cockroaches
  17 goblins
  8 hobgoblins
  10 jackals
  A quokka (D:6)
  2 ball pythons
  12 bats
  6 frilled lizards
  9 kobolds
  A quokka zombie (D:7)
  5 rats
176 creatures vanquished.

Vanquished Creatures (collateral kills)
  A phantom (D:5)
  An adder skeleton (D:8)
2 creatures vanquished.

Grand Total: 178 creatures vanquished

Notes
Turn   | Place    | Note
-------+----------+-------------------------------------------
     0 | D:1      | WasteTime4 the Octopode Transmuter began the quest for the
                  | Orb.
     0 | D:1      | Reached XP level 1. HP: 13/13 MP: 3/3
   394 | D:1      | Reached XP level 2. HP: 18/18 MP: 5/5
   649 | D:1      | Reached skill level 4 in Unarmed Combat
   849 | D:1      | Reached XP level 3. HP: 9/23 MP: 6/6
   856 | D:1      | Learned a level 2 spell: Sticks to Snakes
   860 | D:1      | Learned a level 3 spell: Spider Form
  1417 | D:1      | Gained mutation: You occasionally shout uncontrollably at
                  | your foes. [potion of mutation]
  1417 | D:1      | Gained mutation: You have very sharp teeth. [potion of
                  | mutation]
  1418 | D:1      | Lost mutation: You occasionally shout uncontrollably at
                  | your foes. [potion of mutation]
  1418 | D:1      | Lost mutation: You have very sharp teeth. [potion of
                  | mutation]
  1418 | D:1      | Gained mutation: Your magical capacity is low. (-10% MP)
                  | [potion of mutation]
  1418 | D:1      | Gained mutation: You expend magic power (3 MP) to
                  | strengthen your wands. [potion of mutation]
  1418 | D:1      | Gained mutation: Your natural rate of healing is unusually
                  | fast. [potion of mutation]
  1551 | D:2      | Noticed Natasha
  1559 | D:2      | Killed Natasha
  1559 | D:2      | Reached XP level 4. HP: 12/28 MP: 6/6
  1604 | D:2      | Noticed Robin
  1654 | D:2      | Killed Robin
  1914 | D:2      | Noticed Jessica
  1917 | D:2      | Reached skill level 1 in Poison Magic
  1917 | D:2      | Reached XP level 5. HP: 29/33 MP: 7/7
  1928 | D:2      | Killed Jessica
  1981 | D:2      | Noticed Natasha
  1987 | D:2      | Killed Natasha
  2162 | D:2      | Found an ornate altar of the Wu Jian Council.
  2171 | D:2      | Became a worshipper of the Wu Jian Council
  2238 | D:2      | Noticed Natasha
  2246 | D:2      | Killed Natasha
  2534 | D:3      | Noticed Terence
  2542 | D:3      | Killed Terence
  2542 | D:3      | Reached XP level 6. HP: 38/38 MP: 5/9
  2698 | D:3      | Noticed Grinder
  2706 | D:3      | Killed Grinder
  2706 | D:3      | Reached skill level 5 in Transmutations
  2771 | D:3      | Reached XP level 7. HP: 43/43 MP: 11/11
  2803 | D:3      | Learned a level 4 spell: Ice Form
  3185 | D:4      | Found a transporter.
  3185 | D:4      | Noticed Esekla's ghost (novice FoAK)
  3189 | D:4      | Found a transporter.
  3228 | D:4      | Reached skill level 5 in Unarmed Combat
  3257 | D:4      | Reached * piety under Wu Jian
  3518 | D:4      | Found a glowing golden altar of the Shining One.
  3641 | D:5      | Entered Level 5 of the Dungeon
  4068 | D:5      | Found a staircase to the Ecumenical Temple.
  4111 | D:5      | Noticed Prince Ribbit
  4125 | D:5      | Killed Prince Ribbit
  4125 | D:5      | Reached skill level 6 in Unarmed Combat
  4125 | D:5      | Reached XP level 8. HP: 13/48 MP: 8/13
  4413 | D:5      | Noticed a two-headed ogre
  4587 | D:5      | Noticed Duvessa
  4587 | D:5      | Noticed Dowan
  4613 | D:5      | Killed Duvessa
  4613 | D:5      | Reached skill level 1 in Shields
  4655 | D:5      | Killed Dowan
  5358 | D:5      | Killed a two-headed ogre
  5358 | D:5      | Reached XP level 9. HP: 38/53 MP: 1/14
  5579 | D:6      | Found an opulent altar of Gozag.
  5611 | D:6      | Noticed Edmund
  5631 | D:6      | Noticed Menkaure
  5655 | D:6      | Reached ** piety under Wu Jian
  5675 | D:6      | Killed Edmund
  5675 | D:6      | Reached skill level 7 in Unarmed Combat
  6033 | D:7      | Reached skill level 1 in Ice Magic
  6419 | D:7      | Reached skill level 8 in Unarmed Combat
  6421 | D:7      | Noticed Maggie
  6444 | D:7      | Killed Maggie
  6649 | D:7      | Reached skill level 9 in Unarmed Combat
  6679 | D:7      | Found a bloodstained altar of Trog.
  6689 | D:7      | Reached skill level 1 in Stealth
  6942 | D:8      | Noticed Grum
  6950 | D:8      | Reached XP level 10. HP: 57/58 MP: 7/15
  7073 | D:8      | Killed Grum
  7149 | D:8      | Found a glowing golden altar of the Shining One.
  7150 | D:8      | Found a stormy altar of Qazlal.
  7274 | D:8      | Reached skill level 5 in Stealth
  7388 | D:8      | Noticed a death yak
  7424 | D:8      | Killed a death yak
  7424 | D:8      | Reached *** piety under Wu Jian
  7424 | D:8      | Reached skill level 10 in Unarmed Combat
  7424 | D:8      | Reached skill level 5 in Spellcasting
  7426 | D:8      | Noticed a death yak
  7430 | D:8      | Noticed a death yak
  7535 | D:8      | Mangled by a death yak

Levels and vault maps discovered:
D:1:      roderic_crossed_star, layout_loops_ring, amethyst_killhole
D:2:      layout_basic, overflow_temple_1_default, first_ration, uniq_jessica,
          uniq_robin, uniq_natasha
D:3:      minmay_spotlight, layout_loops_ring, serial_rivers,
          chequers_serial_rivers_small_a, chequers_serial_rivers_large_a,
          chequers_serial_rivers_small_a, chequers_serial_rivers_room_a,
          chequers_serial_rivers_micro_a, uniq_grinder, uniq_terence
D:4:      layout_rooms, gammafunk_ghost_arena, hex_tiny, nrook_mini_vaults,
          hangedman_decor_peaks_small, nicolae_tso_carved_into_rock
D:5:      layout_basic, minmay_temple_entry_statues_fountains,
          serial_bayou_lake_a, uniq_duvessa, uniq_prince_ribbit1
D:6:      layout_loops_ring, old_standard_altar, uniq_menkaure, uniq_edmund
D:7:      layout_loops_ring, trog_butcher_becter, uniq_maggie
D:8:      layout_loops_ring, old_standard_altar,
          gammafunk_temple_overflow_statue, dpeg_lair_monsters, serial_glass,
          glass_columns_a, glass_columns_b, glass_columns_a, glass_columns_a,
          glass_columns_b, glass_columns_c, glass_columns_a, glass_columns_a,
          glass_columns_b, glass_columns_c, grunt_ogre_cave, uniq_grum

Skill      XL: |  1  2  3  4  5  6  7  8  9 10 |
---------------+-------------------------------+-----
Unarmed Combat | 4 6 9 10 | 10.2
Transmutations | 3 4 5 7 |  7.2
Poison Magic   | 1 2 |  2.0
Spellcasting   | 3 4 5 |  5.5
Shields        | 4 |  4.8
Ice Magic      | 2 |  2.2
Stealth        | 2 5 |  5.3
Fighting       | |  1.0
Dodging        | |  2.0

Action                   |  1- 3 |  4- 6 |  7- 9 | 10-12 || total
-------------------------+-------+-------+-------+-------++-------
Melee: Unarmed           |    15 |    23 |   202 |    79 ||   319
       Constrict         |    14 |    13 |    33 |     6 ||    66
       Tentacles         |     6 |     5 |    23 |     6 ||    40
       Hand axe          |    44 |    56 |    74 |       ||   174
       Kick              |     1 |       |     2 |       ||     3
       Punch             |       |     1 |     6 |       ||     7
Throw: Boomerang         |    25 |    20 |    16 |       ||    61
       Dart              |       |       |    31 |     9 ||    40
 Cast: Beastly Appendage |     1 |       |     2 |       ||     3
       Spider Form       |       |     5 |    24 |     6 ||    35
       Sticks to Snakes  |       |     1 |    21 |     1 ||    23
Invok: Lunge             |       |     7 |    10 |     1 ||    18
       Whirlwind         |       |       |    12 |    19 ||    31
 Abil: Wall Jump         |       |       |     4 |     6 ||    10
  Use: Scroll            |     2 |     4 |     7 |     1 ||    14
       Potion            |     2 |       |       |       ||     2
 Stab: Sleeping          |       |     7 |     5 |     1 ||    13
       Distracted        |       |       |     3 |       ||     3
  Eat: Chunk             |     2 |     5 |    15 |     3 ||    25
Armor: Skin              |     4 |     3 |     8 |     2 ||    17
Dodge: Dodged            |    55 |    62 |   204 |    46 ||   367
Block: Buckler           |       |       |     8 |     3 ||    11

Table legend:
 A = Non-vault XP
 B = Vault XP
 C = Vault XP percentage of total XP
 D = Non-vault monster count
 E = Vault monster count
 F = Vault count percentage of total count
                 A         B        C        D         E       F
            +---------+---------+-------+---------+---------+-------
      Total |    3519 |    3285 |  48.3 |     143 |      35 |  19.7
            +---------+---------+-------+---------+---------+-------
        D:1 |      45 |       0 |   0.0 |      28 |       0 |   0.0
        D:2 |     132 |     105 |  44.3 |      22 |      13 |  37.1
        D:3 |      37 |     308 |  89.3 |      11 |       7 |  38.9
        D:4 |     220 |       0 |   0.0 |      18 |       0 |   0.0
        D:5 |    1195 |     487 |  29.0 |      21 |       3 |  12.5
        D:6 |     636 |     153 |  19.4 |      15 |       1 |   6.2
        D:7 |     754 |     744 |  49.7 |      16 |       6 |  27.3
        D:8 |     500 |    1488 |  74.8 |      12 |       5 |  29.4
            +---------+---------+-------+---------+---------+-------
